 Dungeon Crawl Stone Soup version 0.30-a0-824-g6c64550be9 (webtiles) character file.

Game seed: 12964632139588923258

142 Orangeyouglad the Sneak (level 5, 0/42 HPs)
             Began as a Human Delver on Feb 27, 2023.
             Slain by an orc
             ... wielding a +2 short sword of venom
              (4 damage)
             ... on level 3 of the Dungeon.
             The game lasted 00:12:10 (3907 turns).

Orangeyouglad the Sneak (Human Delver)              Turns: 3907, Time: 00:12:10

Health: 0/42       AC:  4    Str: 17    XL:     5   Next: 50%
Magic:  23/23      EV: 13    Int: 17    God:
Gold:   135        SH:  0    Dex: 14    Spells: 4/4 levels left

rFire   . . .      SeeInvis .    a - +0 mace
rCold   . . .      Faith    .    (no shield)
rNeg    . . .      Spirit   .    c - +2 robe "Moraon" {Will+}
rPois   .          Reflect  .    (no helmet)
rElec   .          Harm     .    (no cloak)
rCorr   +          Rampage  .    (no gloves)
Will    +....                    (no boots)
Stlth   +++                      (no amulet)
HPRegen 0.27/turn                i - ring "Eton" {rCorr MP+9 Str+3 Int+6}
MPRegen 0.18/turn                l - ring of magical power

@: brilliant, lethally poisoned (0 -> -7)
A: no striking features
a: no special abilities


You were on level 3 of the Dungeon.
You visited 1 branch of the dungeon, and saw 5 of its levels.

You collected 207 gold pieces.
You spent 72 gold pieces at shops.

Inventory:

Hand Weapons
 a - a +0 mace (weapon)
Missiles
 f - 4 boomerangs (quivered)
 u - 2 poisoned darts
Armour
 b - a +0 leather armour
 c - the +2 robe "Moraon" (worn) {Will+}
   (You found it on level 2 of the Dungeon)

   Will:      It increases your willpower.
 s - a +0 pair of gloves
Magical Staves
 o - a staff of conjuration
Jewellery
 i - the ring "Eton" (left hand) {rCorr MP+9 Str+3 Int+6}
   (You found it on level 5 of the Dungeon)

   [ring of intelligence]

   Str:       It affects your strength (+3).
   Int:       It affects your intelligence (+6).
   MP:        It affects your magic capacity (+9).
   rCorr:     It protects you from acid and corrosion.
 l - a ring of magical power (right hand)
Wands
 g - a wand of digging (3)
Scrolls
 d - a scroll of enchant weapon
 e - a scroll of enchant armour {unknown}
 h - 2 scrolls of teleportation
 j - a scroll of summoning {unknown}
 q - a scroll of blinking {unknown}
Potions
 k - a potion of cancellation
 p - a potion of heal wounds {unknown}
 r - a potion of might {unknown}
 t - a potion of flight {unknown}


   Skills:
 + Level 3.8 Fighting
 + Level 3.0 Maces & Flails
 + Level 1.3 Throwing
 + Level 3.1 Dodging
 - Level 5.2 Stealth
 - Level 0.8 Evocations


You had 4 spell levels left.
You didn't know any spells.
Your spell library was empty.

Dungeon Overview and Level Annotations

Branches:
Dungeon (5/15)
 Temple: D:4-7

Altars:
Nemelex Xobeh
Okawaru
Yredelemnul

Shops:
D:3 *[?!


Message History

An orc comes into view. It is wielding a +0 dagger.
You feel sick. The orc attacks as you move away! The orc misses you.
You feel sick.
You feel sick.
You feel sick.
You feel sick.
You feel sick.
You feel sick.
You are no longer poisoned.
The orc enters a dispersal trap!
The orc blinks! x2; You blink.
The orc hits you with a +2 short sword of venom.
You are poisoned.
You feel sick.
You feel sick.
The orc hits you with a +2 short sword of venom.
You see here a +0 robe.
You feel sick. The orc closely misses you.
There is a stone staircase leading up here.
You feel sick. The orc hits you with a +0 flail!
* * * LOW HITPOINT WARNING * * *
The orc hits you but does no damage.
You are lethally poisoned!
You climb upwards.
* * * LOW HITPOINT WARNING * * *
You feel very sick.
There is a stone staircase leading down here.
You feel better. The orc misses you.
The orc hits you with a +2 short sword of venom.
* * * LOW HITPOINT WARNING * * *
You are lethally poisoned!
Okay, then.
Okay, then.
Okay, then.
It was a potion of brilliance.
You feel clever all of a sudden.
* * * LOW HITPOINT WARNING * * *
You feel very sick. The orc hits you but does no damage.
The orc hits you with a +2 short sword of venom.
You die...

#.##.###### #.
######.##....♣.######.
#..........♣.∩.♣†.....
#.####.##....♣.<..).##
#.# #.##...).[####.#
#g# ##.##......# #.#
#.# #.....####.# #.##
#.# #o.#### #.####..#
#.# #@.# #....)... ###
#.# #.o## #######.#
#.## #.###...## #..>..
...##
#.##...#.########.##.#
....##
#.#.#..........##(##.#
.∩...#
#.##..................
....##
#.###...###..#.##.##.#
...## #.###...#
#..#.##.##.# #.##
#.......# #..#.#.#....


You could see 2 orcs.

Vanquished Creatures
  An orc wizard (D:3)
  Robin (D:2)
  3 adders (D:2)
  2 worms
  A dart slug (D:3)
  An orc (D:3)
  3 bats
  4 endoplasms
  4 giant cockroaches
  18 goblins
  8 hobgoblins
  2 quokkas (D:3)
  7 ball pythons
  5 frilled lizards
  6 kobolds
  A rat (D:1)
67 creatures vanquished.

Vanquished Creatures (others)
  4 plants
4 creatures vanquished.

Grand Total: 71 creatures vanquished

Notes
Turn   | Place    | Note
-------+----------+-------------------------------------------
     0 | D:5      | Orangeyouglad the Human Delver began the quest for the Orb.
     0 | D:5      | Reached XP level 1. HP: 18/18 MP: 1/1
    91 | D:5      | Identified the ring "Eton" {rCorr MP+9 Str+3 Int+6}
   243 | D:5      | Noticed an iguana
   249 | D:5      | Noticed an ice beast
   266 | D:5      | Noticed a scorpion
   304 | D:5      | Noticed an iguana
   322 | D:4      | Noticed an orc wizard
   322 | D:4      | Noticed an iguana
   323 | D:4      | Noticed an orc wizard
   345 | D:3      | Found Quok's Distillery.
   571 | D:2      | Identified the +2 robe "Moraon" {Will+}
   604 | D:2      | Reached XP level 2. HP: 24/24 MP: 2/2
   917 | D:1      | Reached XP level 3. HP: 28/29 MP: 3/3
  1689 | D:2      | Reached XP level 4. HP: 34/35 MP: 4/4
  2542 | D:3      | Reached skill level 1 in Throwing
  2602 | D:3      | Bought a potion of curing for 39 gold pieces
  2616 | D:3      | Found Toarchul's Magic Scroll Shoppe.
  2624 | D:3      | Bought a scroll of teleportation for 33 gold pieces
  2664 | D:3      | Reached XP level 5. HP: 39/42 MP: 5/5
  2665 | D:3      | Found a faded altar of an unknown god.
  2865 | D:3      | Noticed Robin
  2881 | D:3      | Found Yczusad's Armour Emporium.
  3012 | D:3      | Found Ozxeorch's Assorted Antiques.
  3523 | D:2      | Killed Robin
  3831 | D:4      | Found a basalt altar of Yredelemnul.
  3831 | D:4      | Found an iron altar of Okawaru.
  3831 | D:4      | Found a sparkling altar of Nemelex Xobeh.
  3905 | D:3      | HP: 2/42 [poisoned by an orc]
  3907 | D:3      | Slain by an orc

Illustrated notes

Levels and vault maps discovered:
D:1:      lightli_arrival_maybe_door_vault, layout_loops_ring, st_stairs_6
D:2:      layout_basic
D:3:      layout_loops_ring, ebering_ecumenical_altar_petrified, serial_shops,
          nicolae_shop_overgrown_old_shop, shop, nicolae_shop_trees, shop,
          kennysheep_generic_room_16, uniq_robin
D:4:      layout_basic, gammafunk_temple_overflow_forgotten,
          mainiacjoe_overflow_brackets, nicolae_underground_beach
D:5:      layout_loops_cross

Skill      XL: |  1  2  3  4  5 |
---------------+----------------+-----
Throwing       | 1 |  1.3
Dodging        | 3 |  3.1
Maces & Flails | 3 |  3.0
Fighting       | |  3.8
Stealth        | |  5.2
Evocations     | |  0.8

Action                     |  1- 3 |  4- 6 || total
---------------------------+-------+-------++-------
  Melee: Mace              |   104 |   137 ||   241
         Punch             |       |     2 ||     2
  Throw: Boomerang         |     7 |    27 ||    34
    Use: Scroll            |     3 |     4 ||     7
         Potion            |     1 |     2 ||     3
   Stab: Sleeping          |     5 |     5 ||    10
 Armour: Leather armour    |     9 |       ||     9
         Robe              |    30 |    40 ||    70
  Dodge: Dodged            |    78 |   101 ||   179

Table legend: (Time is in decaauts)
 A = Elapsed time spent in this place.
 B = Non-inter-level travel time spent in this place.
 C = Inter-level travel time spent in this place.
 D = Time resting spent in this place.
 E = Time spent auto-exploring this place.
 F = Levels seen in this place.
 G = Mean time per level.
                   A        B        C        D        E       F      G
               +--------+--------+--------+--------+--------+-----+--------+
         Total |   3969 |   3853 |    116 |    747 |   1711 |   5 |  793.8 |
       Dungeon |   3969 |   3853 |    116 |    747 |   1711 |   5 |  793.8 |
               +--------+--------+--------+--------+--------+-----+--------+

Top non-repeatable levels by time:
     D:2: 1416 daAuts
     D:3: 1050 daAuts
     D:1: 944 daAuts
     D:5: 321 daAuts
     D:4: 236 daAuts
